 Dungeon Crawl Stone Soup version 0.29.0-4-gdea44cf6ec (webtiles) character file.

Game seed: 6383921035413909733

4832 qw the Cleaver (level 10, -3/88 HPs)
             Began as a Minotaur Fighter on Sept 5, 2022.
             Was a Follower of Ru.
             Slain by a very large slime creature (40 damage)
             ... on level 9 of the Dungeon.
             The game lasted 00:02:34 (7532 turns).

qw the Cleaver (Minotaur Fighter)                   Turns: 7532, Time: 00:02:34

Health: -3/88      AC: 17    Str: 25    XL:     10   Next: 25%
Magic:  9/9        EV: 11    Int:  5    God:    Ru [*.....]
Gold:   541        SH:  5    Dex: 10    Spells: 9/9 levels left

rFire   . . .      SeeInvis .   k - +4 war axe (freeze)
rCold   . . .      Faith    .   c - +0 buckler
rNeg    . . .      Spirit   .   a - +0 plate armour
rPois   +          Reflect  .   (helmet restricted)
rElec   .          Harm     .   (no cloak)
rCorr   .          Rampage  .   j - +0 pair of gloves
Will    .....                   m - +2 pair of boots
Stlth   ..........              f - amulet of regeneration
HPRegen 1.04/turn               n - ring of poison resistance
MPRegen 0.11/turn               l - +4 ring of evasion

@: no status effects
A: horns 2, no ice magic, no summoning magic, no transmutations magic,
retaliatory headbutt
a: Renounce Religion


You were on level 9 of the Dungeon.
You worshipped Ru.
Ru was aware of your devotion.
You visited 1 branch of the dungeon, and saw 9 of its levels.

You collected 541 gold pieces.


Innate Abilities, Weirdness & Mutations

You have a pair of horns on your head.
You cannot study or cast Ice magic.
You cannot study or cast Summoning magic.
You cannot study or cast Transmutations magic.
You reflexively headbutt those who attack you in melee.


   Skills:
 - Level 8.3 Fighting
 + Level 14.2 Axes
 - Level 2.3 Throwing
 - Level 7.0 Armour
 - Level 2.5 Dodging
 - Level 5.0 Shields


You had 9 spell levels left.
You didn't know any spells.
Your spell library was empty.

Inventory:

Hand Weapons
 k - a +4 war axe of freezing (weapon)
 o - a +2 antimagic morningstar
Missiles
 e - a boomerang (quivered)
Armour
 a - a +0 plate armour (worn)
 c - a +0 buckler (worn)
 j - a +0 pair of gloves (worn)
 m - a +2 pair of boots (worn)
Jewellery
 f - an amulet of regeneration (around neck)
 l - a +4 ring of evasion (right hand)
 n - a ring of poison resistance (left hand)
 Y - a +6 ring of strength
Scrolls
 g - 4 scrolls of teleportation
 i - 5 scrolls of identify
Potions
 b - a potion of haste
 d - 2 potions of might
 h - 2 potions of curing
 q - 2 potions of heal wounds

Dungeon Overview and Level Annotations

Branches:
Dungeon (9/15)             Temple (0/1) D:5
   Lair: D:8-11         Orc: D:9-12

Altars:
Ashenzari
Dithmenos
Elyvilon
Gozag
Makhleb
Nemelex Xobeh
Qazlal
Ru
Sif Muna
Uskayaw
Vehumet
Xom
Yredelemnul
Zin
The Shining One

Shops:
D:3 =


Message History

You throw a boomerang. The slime creature quivers.
The boomerang hits the large slime creature!
The large slime creature is moderately wounded.
Throw: boomerang
Press: ? - help, Q - select action Shift-Dir - straight line, f/p - large slime creature You throw a boomerang.
The boomerang hits the large slime creature!
The large slime creature is moderately wounded.
Two slime creatures merge to form a very large slime creature.
Throw: boomerang
Press: ? - help, Q - select action Shift-Dir - straight line, f/p - very large slime creature You throw a boomerang.
The boomerang hits the very large slime creature!
The very large slime creature is moderately wounded.
Throw: boomerang
Press: ? - help, Q - select action Shift-Dir - straight line, f/p - very large slime creature You throw a boomerang.
The boomerang hits the very large slime creature.
The very large slime creature is moderately wounded.
Throw: boomerang
Press: ? - help, Q - select action Shift-Dir - straight line, f/p - very large slime creature You throw a boomerang.
The boomerang hits the very large slime creature.
The very large slime creature is moderately wounded.
Throw: boomerang
Press: ? - help, Q - select action Shift-Dir - straight line, f/p - very large slime creature You throw a boomerang.
The boomerang hits the very large slime creature!
The very large slime creature is moderately wounded.
You slash the very large slime creature!
You freeze the very large slime creature.
The very large slime creature is heavily wounded.
The very large slime creature hits you!!!
Ouch! That really hurt!
You slash the very large slime creature!
You freeze the very large slime creature.
The very large slime creature is heavily wounded.
The very large slime creature hits you!!!
You die...

#######'## #...#
#.### ####'###
#......#
#......# .
#......# ...
#......####....(
#......'@J..#
#......######
#......#
########


You could see a very large slime creature.

Vanquished Creatures
  Gastronok (D:8)
  Psyche (D:8)
  Prince Ribbit (D:8)
  A steam dragon (D:5)
  Menkaure (D:7)
  A water moccasin (D:5)
  2 orc warriors
  A black bear (D:6)
  3 ice beasts
  5 ogres
  4 bullfrogs
  3 necrophages
  3 gnoll sergeants
  12 wights
  4 hounds
  A jelly (D:4)
  3 orc priests
  4 iguanas
  6 orc wizards
  9 gnolls
  8 adders
  2 white imps
  2 ufetubi (D:5)
  A worm (D:2)
  A dart slug (D:2)
  27 orcs
  2 endoplasms (D:2)
  3 giant cockroaches
  8 goblins
  8 hobgoblins
  4 kobolds
  4 quokkas
  5 ball pythons
  3 bats
  3 frilled lizards
  3 rats
150 creatures vanquished.

Vanquished Creatures (others)
  A gnoll (D:7)
  6 plants
7 creatures vanquished.

Grand Total: 157 creatures vanquished

Notes
Turn   | Place    | Note
-------+----------+-------------------------------------------
     0 | D:1      | qw the Minotaur Fighter began the quest for the Orb.
     0 | D:1      | Reached XP level 1. HP: 19/19 MP: 0/0
     0 | D:1      | 0 ||| qw: Version: 0.1-a-104-g96f76f8
     0 | D:1      | 0 ||| qw: Game counter: 5920
     0 | D:1      | 0 ||| qw: Always use a shield: true
     0 | D:1      | 0 ||| qw: God list: Ru
     0 | D:1      | 0 ||| qw: Allow faded altars: false
     0 | D:1      | 0 ||| qw: Do Orc after D:15 true
     0 | D:1      | 0 ||| qw: Do second Lair branch before Depths: true
     0 | D:1      | 0 ||| qw: Lair rune preference: random
     0 | D:1      | 0 ||| qw: Plans: Normal
     0 | D:1      | 0 ||| PLANNING D:1-11
    82 | D:1      | Found a faded altar of an unknown god.
   242 | D:1      | Reached skill level 3 in Axes
   392 | D:1      | 392 ||| READING scroll labelled NATRU DOSAO.
   513 | D:1      | 513 ||| READING scroll labelled MYSTEYNIDO.
   514 | D:1      | 514 ||| READING 2 scrolls labelled BAORAS ESTOCAKK.
   515 | D:1      | 515 ||| READING scroll labelled VIOD AXKANU.
   516 | D:1      | 516 ||| READING scroll labelled ALIKUST UMEO.
   519 | D:1      | 519 ||| DRINKING 2 bubbling golden potions.
   520 | D:1      | 520 ||| DRINKING 2 inky potions.
   521 | D:1      | 521 ||| DROPPING potion of attraction.
   557 | D:2      | Reached XP level 2. HP: 22/26 MP: 1/1
   706 | D:2      | 706 ||| Stepping ~*~*~tactically~*~*~ (stealth).
   707 | D:2      | 707 ||| Stepping ~*~*~tactically~*~*~ (hiding).
   712 | D:2      | Reached skill level 4 in Axes
   712 | D:2      | Reached XP level 3. HP: 17/31 MP: 2/2
   869 | D:2      | 869 ||| Stepping ~*~*~tactically~*~*~ (stealth).
   870 | D:2      | 870 ||| Stepping ~*~*~tactically~*~*~ (stealth).
  1080 | D:2      | Reached skill level 5 in Axes
  1328 | D:2      | 1328 ||| UPGRADING to +0 plate armour.
  1338 | D:2      | 1338 ||| DROPPING +0 scale mail.
  1339 | D:2      | 1339 ||| UPGRADING to +0 pair of boots.
  1344 | D:2      | 1344 ||| READING 2 scrolls of enchant armour.
  1344 | D:2      | 1344 ||| ENCHANTING +0 pair of boots.
  1345 | D:2      | 1345 ||| READING scroll of enchant armour.
  1345 | D:2      | 1345 ||| ENCHANTING +1 pair of boots.
  1346 | D:2      | 1346 ||| UPGRADING to +4 ring of evasion.
  1347 | D:2      | 1347 ||| READING scroll labelled NESTRO QAINI.
  1348 | D:2      | 1348 ||| DRINKING 2 murky black potions.
  1349 | D:2      | 1349 ||| DROPPING potion of invisibility.
  1385 | D:3      | Reached XP level 4. HP: 33/39 MP: 3/3
  1551 | D:3      | 1551 ||| DROPPING +0 club.
  1575 | D:3      | Found a stormy altar of Qazlal.
  1610 | D:3      | 1610 ||| Stepping ~*~*~tactically~*~*~ (stealth).
  1770 | D:3      | Found Alileles's Jewellery Boutique.
  1784 | D:3      | 1784 ||| SHOPLISTING amulet of guardian spirit (300 gold,
                  | have 140).
  1784 | D:3      | 1784 ||| SHOPLISTING amulet of the acrobat (300 gold, have
                  | 140).
  1784 | D:3      | 1784 ||| SHOPLISTING ring of fire (250 gold, have 140).
  1784 | D:3      | 1784 ||| SHOPLISTING ring of protection from cold (250
                  | gold, have 140).
  1784 | D:3      | 1784 ||| SHOPLISTING ring of the Hare {EV+8} (1280 gold,
                  | have 140).
  1784 | D:3      | 1784 ||| SHOPLISTING ring of willpower (250 gold, have
                  | 140).
  1797 | D:3      | 1797 ||| Stepping ~*~*~tactically~*~*~ (stealth).
  1800 | D:3      | 1800 ||| Stepping ~*~*~tactically~*~*~ (stealth).
  2152 | D:3      | Reached skill level 6 in Axes
  2498 | D:3      | Found a radiant altar of Vehumet.
  2509 | D:3      | Found a shimmering blue altar of Sif Muna.
  2513 | D:3      | Reached XP level 5. HP: 45/45 MP: 4/4
  2648 | D:4      | Reached skill level 1 in Throwing
  2770 | D:4      | Reached XP level 6. HP: 51/51 MP: 5/5
  2775 | D:4      | You fall into a shaft and drop 1 floor!
  2775 | D:5      | Entered Level 5 of the Dungeon
  2776 | D:5      | 2776 ||| UPGRADING to +0 pair of gloves.
  2781 | D:5      | 2781 ||| UPGRADING to +6 ring of strength.
  2987 | D:4      | Found a shimmering altar of Xom.
  3003 | D:4      | Found a shimmering altar of Xom.
  3012 | D:4      | Reached skill level 7 in Axes
  3208 | D:4      | Found a shimmering altar of Xom.
  3208 | D:4      | Found a shimmering altar of Xom.
  3209 | D:4      | Found a shimmering altar of Xom.
  3357 | D:5      | 3357 ||| Stepping ~*~*~tactically~*~*~ (stealth).
  3363 | D:5      | Reached skill level 8 in Axes
  3374 | D:5      | Found a staircase to the Ecumenical Temple.
  3408 | D:5      | 3408 ||| READING 2 scrolls of teleportation.
  3416 | D:5      | Reached XP level 7. HP: 48/59 MP: 6/6
  3417 | D:5      | HP: 9/59 [ogre/+0 giant club (10)]
  3418 | D:5      | 3418 ||| READING scroll of teleportation.
  3419 | D:5      | 3419 ||| DRINKING potion of heal wounds.
  3435 | D:5      | HP: 13/59 [ogre/+0 giant club (18)]
  3437 | D:5      | Reached skill level 9 in Axes
  3444 | D:5      | Noticed a steam dragon
  3450 | D:5      | Killed a steam dragon
  3466 | D:5      | 3466 ||| FLEEEEING.
  3467 | D:5      | 3467 ||| FLEEEEING.
  3468 | D:5      | 3468 ||| FLEEEEING.
  3469 | D:5      | 3469 ||| FLEEEEING.
  3470 | D:5      | 3470 ||| FLEEEEING.
  3471 | D:5      | 3471 ||| STAIRDANCE
  3855 | D:5      | Found a sacrificial altar of Ru.
  3861 | D:5      | 3861 ||| Stepping ~*~*~tactically~*~*~ (stealth).
  3862 | D:5      | 3862 ||| Stepping ~*~*~tactically~*~*~ (stealth).
  3868 | D:5      | Became a worshipper of Ru the Awakened
  3879 | D:5      | Reached XP level 8. HP: 68/68 MP: 7/7
  4075 | D:5      | Found a broken altar of Ashenzari.
  4133 | D:5      | Found a white marble altar of Elyvilon.
  4171 | D:5      | 4171 ||| DROPPING +0 flail.
  4200 | D:5      | 4200 ||| DROPPING ring of wizardry.
  4201 | D:5      | 4201 ||| READING scroll labelled NINEYSUMUSCH.
  4202 | D:5      | 4202 ||| DRINKING 3 fizzy black potions.
  4306 | D:5      | 4306 ||| DROPPING 2 potions of berserk rage.
  4482 | D:6      | Reached skill level 10 in Axes
  4524 | D:6      | 4524 ||| Stepping ~*~*~tactically~*~*~ (stealth).
  4735 | D:6      | 4735 ||| READING scroll of enchant weapon.
  4735 | D:6      | 4735 ||| ENCHANTING +1 war axe.
  4795 | D:6      | 4795 ||| FLEEEEING.
  4805 | D:6      | Reached skill level 6 in Fighting
  4825 | D:6      | 4825 ||| FLEEEEING.
  4826 | D:6      | 4826 ||| FLEEEEING.
  4827 | D:6      | 4827 ||| FLEEEEING.
  4828 | D:6      | 4828 ||| FLEEEEING.
  4838 | D:6      | 4838 ||| FLEEEEING.
  4839 | D:6      | 4839 ||| FLEEEEING.
  4840 | D:6      | 4840 ||| Stepping ~*~*~tactically~*~*~ (hiding).
  4841 | D:6      | 4841 ||| FLEEEEING.
  4844 | D:6      | 4844 ||| STAIRDANCE
  5018 | D:6      | Found a basalt altar of Yredelemnul.
  5199 | D:6      | 5199 ||| Stepping ~*~*~tactically~*~*~ (stealth).
  5204 | D:6      | Reached skill level 11 in Axes
  5204 | D:6      | 5204 ||| Stepping ~*~*~tactically~*~*~ (hiding).
  5460 | D:7      | 5460 ||| INVOKING Sacrifice Arcana.
  5460 | D:7      | Gained mutation: You cannot study or cast Ice magic. [Ru
                  | sacrifice]
  5460 | D:7      | Gained mutation: You cannot study or cast Transmutations
                  | magic. [Ru sacrifice]
  5460 | D:7      | Gained mutation: You cannot study or cast Summoning magic.
                  | [Ru sacrifice]
  5460 | D:7      | Reached * piety under Ru
  5466 | D:7      | Found a glowing golden altar of the Shining One.
  5479 | D:7      | 5479 ||| Stepping ~*~*~tactically~*~*~ (hiding).
  5511 | D:7      | Reached XP level 9. HP: 54/75 MP: 8/8
  5792 | D:7      | Found a shadowy altar of Dithmenos.
  5792 | D:7      | Found a burning altar of Makhleb.
  5792 | D:7      | Found a hide-covered altar of Uskayaw.
  5914 | D:7      | Noticed Menkaure
  5919 | D:7      | Reached skill level 12 in Axes
  5922 | D:7      | Killed Menkaure
  6324 | D:7      | 6324 ||| Stepping ~*~*~tactically~*~*~ (stealth).
  6397 | D:7      | Found a sparkling altar of Nemelex Xobeh.
  6583 | D:7      | 6583 ||| UPGRADING to amulet of regeneration.
  6588 | D:7      | 6588 ||| READING scroll labelled GAEXKE ZOHURORGH.
  6589 | D:7      | 6589 ||| READING scroll labelled TYUFRI JYHID.
  6590 | D:7      | 6590 ||| READING scroll labelled DETIDEQEYB.
  6591 | D:7      | 6591 ||| READING scroll labelled VAOJAO CAGEGEY.
  6592 | D:7      | 6592 ||| READING 8 scrolls of identify.
  6592 | D:7      | 6592 ||| IDENTIFYING sapphire potion
  6593 | D:7      | 6593 ||| READING 7 scrolls of identify.
  6593 | D:7      | 6593 ||| IDENTIFYING fizzy grey potion
  6594 | D:7      | 6594 ||| DROPPING potion of brilliance.
  6612 | D:8      | 6612 ||| Stepping ~*~*~tactically~*~*~ (hiding).
  6618 | D:8      | Reached skill level 6 in Armour
  6632 | D:8      | 6632 ||| FLEEEEING.
  6633 | D:8      | 6633 ||| STAIRDANCE
  6664 | D:8      | 6664 ||| Stepping ~*~*~tactically~*~*~ (stealth).
  6665 | D:8      | 6665 ||| Stepping ~*~*~tactically~*~*~ (stealth).
  6667 | D:8      | 6667 ||| Stepping ~*~*~tactically~*~*~ (hiding).
  6670 | D:8      | 6670 ||| Stepping ~*~*~tactically~*~*~ (stealth).
  6677 | D:8      | 6677 ||| Stepping ~*~*~tactically~*~*~ (stealth).
  6679 | D:8      | 6679 ||| Stepping ~*~*~tactically~*~*~ (stealth).
  6731 | D:8      | 6731 ||| READING scroll of enchant weapon.
  6731 | D:8      | 6731 ||| ENCHANTING +2 war axe of freezing.
  6740 | D:8      | Found a glowing silver altar of Zin.
  6773 | D:8      | Found an opulent altar of Gozag.
  6877 | D:8      | Noticed Prince Ribbit
  6892 | D:8      | Killed Prince Ribbit
  6923 | D:8      | Reached skill level 13 in Axes
  6942 | D:8      | 6942 ||| Stepping ~*~*~tactically~*~*~ (stealth).
  6944 | D:8      | 6944 ||| Stepping ~*~*~tactically~*~*~ (stealth).
  6946 | D:8      | Noticed Psyche
  6950 | D:8      | 6950 ||| DRINKING potion of curing.
  6950 | D:8      | 6950 ||| (to cure confusion)
  6964 | D:8      | Killed Psyche
  7007 | D:8      | Identified the +3 trident of the Thieving Madman {freeze,
                  | rF- rN++ Int+4 SInv}
  7008 | D:8      | 7008 ||| Stepping ~*~*~tactically~*~*~ (hiding).
  7018 | D:8      | 7018 ||| Stepping ~*~*~tactically~*~*~ (stealth).
  7116 | D:8      | 7116 ||| READING scroll of enchant weapon.
  7116 | D:8      | 7116 ||| ENCHANTING +3 war axe of freezing.
  7300 | D:8      | Noticed Gastronok
  7305 | D:8      | 7305 ||| Stepping ~*~*~tactically~*~*~ (hiding).
  7316 | D:8      | Killed Gastronok
  7317 | D:8      | Reached skill level 14 in Axes
  7317 | D:8      | Reached XP level 10. HP: 60/88 MP: 9/9
  7478 | D:8      | 7478 ||| UPGRADING to ring of poison resistance.
  7480 | D:8      | 7480 ||| UPGRADING to +4 ring of evasion.
  7482 | D:8      | 7482 ||| READING 6 scrolls of identify.
  7482 | D:8      | 7482 ||| IDENTIFYING emerald potion
  7532 | D:9      | Slain by a very large slime creature

Levels and vault maps discovered:
D:1:      saegor_arrival_under_anarchy, layout_rooms,
          hellmonk_ecumenical_altar_pennies_from_heaven, st_stairs_4,
          due_unseen_surprise
D:2:      layout_rooms, serial_forest, infiniplex_forest_lined_room_3,
          infiniplex_forest_clump_double, infiniplex_forest_3_way,
          infiniplex_forest_diagonal, infiniplex_forest_end_2,
          infiniplex_forest_lined_2, grunt_ministairs_9, minmay_small_reverse_x
D:3:      layout_loops_ring, pf_just_have_faith, mainiacjoe_overflow_big_doors,
          serial_shops, shop
D:4:      layout_rooms, xom_redecorated
D:5:      layout_cave_pools, mainiacjoe_overflow_paths,
          mainiacjoe_overflow_alcove_4, nicolae_elyvilon_temple_path,
          minmay_temple_entry_stoned_glass, chequers_serial_rivers_large_b
D:6:      layout_loops_ring, yredelemnul_altar_generic, eino_tiny_chamber
D:7:      layout_basic, mainiacjoe_overflow_24_doors,
          nicolae_tso_carved_into_rock, gammafunk_temple_overflow_claw,
          minmay_misc_feat_encased, uniq_menkaure
D:8:      layout_loops_ring, pdpol_temple_overflow_zin_treasury_gozag_greed,
          uniq_psyche, uniq_gastronok, uniq_prince_ribbit1
D:9:      layout_roguey, minivault_26, hangedman_decor_push

Skill      XL: |  1  2  3  4  5  6  7  8  9 |
---------------+----------------------------+-----
Axes           | 3 4 5 6 8 9 11 14 | 14.2
Throwing       | 1 2 |  2.3
Dodging        | 2 |  2.5
Fighting       | 4 5 6 8 |  8.3
Armour         | 4 5 7 |  7.0
Shields        | 4 5 |  5.0

Action                   |  1- 3 |  4- 6 |  7- 9 | 10-12 || total
-------------------------+-------+-------+-------+-------++-------
Melee: War axe           |    82 |    88 |   186 |     4 ||   360
       Headbutt          |     7 |    10 |    27 |       ||    44
       Unarmed           |       |     4 |       |       ||     4
Throw: Boomerang         |       |    12 |    15 |     7 ||    34
       Javelin           |       |    22 |    37 |     1 ||    60
Invok: Sacrifice Arcana  |       |       |     1 |       ||     1
  Use: Scroll            |     8 |     1 |    11 |     1 ||    21
       Potion            |     3 |       |     3 |       ||     6
Armor: Scale mail        |    38 |       |       |       ||    38
       Plate armour      |     3 |    39 |    63 |     1 ||   106
       Skin              |       |     2 |       |       ||     2
Dodge: Dodged            |    31 |    45 |    60 |     1 ||   137
Block: Buckler           |    17 |    14 |    32 |       ||    63

Table legend:
 A = Non-vault XP
 B = Vault XP
 C = Vault XP percentage of total XP
 D = Non-vault monster count
 E = Vault monster count
 F = Vault count percentage of total count
                 A         B        C        D         E       F
            +---------+---------+-------+---------+---------+-------
      Total |    4536 |    2368 |  34.3 |     138 |      12 |   8.0
            +---------+---------+-------+---------+---------+-------
        D:1 |       5 |       3 |  37.5 |       4 |       2 |  33.3
        D:2 |      51 |      23 |  31.1 |      20 |       6 |  23.1
        D:3 |     117 |       0 |   0.0 |      20 |       0 |   0.0
        D:4 |     357 |       0 |   0.0 |      11 |       0 |   0.0
        D:5 |     951 |       0 |   0.0 |      15 |       0 |   0.0
        D:6 |    1052 |       0 |   0.0 |      26 |       0 |   0.0
        D:7 |     581 |     151 |  20.6 |      13 |       1 |   7.1
        D:8 |    1422 |    2191 |  60.6 |      29 |       3 |   9.4
            +---------+---------+-------+---------+---------+-------
